Map: Terrasses de Prion

Players

Ákos

  • Race: Terran Terran
  • League: Bronze

pupu - Winner!

  • Race: Protoss Protoss
  • League: Silver

VOD

Have the link to the VOD?

Description

Time

  • Played on: April 15, 2016, 8:27 a.m.
  • Length: 10:21
Show
View Real Time Build Order
Export as new Build Order

Ákos Terran 

Build Orders: MMM Bio 

Get SALT Encoding   

  12  0:01  SCV  
  13  0:16  Supply Depot  
  13  0:25  SCV  
  13  0:26  Refinery  
  14  0:37  SCV  
  15  0:49  SCV  
  16  0:54  Barracks  
  16  1:01  SCV  
  17  1:13  SCV  
  18  1:35  Command Center  
  18  1:45  Orbital Command  
  18  1:47  Marine  
  19  2:01  Factory  
  19  2:08  Refinery  
  19  2:14  Marine  
  20  2:17  SCV  
  21  2:29  SCV  
  22  2:42  Marine  
  23  2:46  Widow Mine  
  23  2:47  SCV  
  26  2:52  Supply Depot  
  26  2:59  SCV  
  26  3:05  SCV  
  28  3:11  SCV  
  29  3:16  Marine  
  29  3:17  SCV  
  31  3:24  Starport  
  31  3:45  Barracks Tech Lab  
  31  3:47  SCV x2  
  33  3:53  Barracks  
  33  3:57  Barracks  
  33  4:09  Marauder  
  35  4:17  SCV  
  35  4:19  Orbital Command  
  36  4:29  SCV  
  36  4:30  Marauder  
  39  4:32  Medivac  
  41  4:41  SCV  
  41  4:43  Barracks  
  42  4:48  Barracks  
  42  4:50  Supply Depot  
  42  4:51  Widow Mine, Supply Depot  
  44  4:54  Supply Depot, Marauder  
  44  4:56  Stimpack  
  44  4:58  Barracks Tech Lab x2  
  46  5:12  SCV x2, Medivac  
  50  5:16  Marauder  
  50  5:18  Marauder x2  
  56  5:27  Widow Mine  
  58  5:32  Barracks Tech Lab  
  58  5:37  Marauder, Barracks Reactor  
  58  5:39  Marauder  
  58  5:41  Barracks  
  58  5:42  Marauder, Medivac  
  66  5:51  SCV  
  66  5:52  SCV  
  66  5:54  Refinery  
  68  5:57  Refinery  
  68  6:04  Marauder  
  68  6:05  Engineering Bay  
  68  6:06  Engineering Bay, Marine  
  68  6:08  Marine  
  68  6:09  Marauder  
  50  6:35  Marauder x2  
  50  6:36  Marauder  
  55  6:46  SCV  
  50  6:57  Marine x5  
  50  6:58  SCV  
  49  7:10  SCV  
  49  7:14  Marine  
  48  7:16  SCV  
  48  7:22  Marine, SCV  
  50  7:23  Marauder, Marine  
  50  7:24  Marauder  
  56  7:34  SCV  
  57  7:46  SCV  
  57  7:47  Marine x4  
  57  7:48  Marine  
  63  7:52  Medivac  
  65  8:11  Marine  
  65  8:12  Marine x4  
  70  8:15  Terran Infantry Weapons Level 1  
  70  8:16  Terran Infantry Armor Level 1  
  70  8:28  Supply Depot  
  70  8:33  Supply Depot, Combat Shields  
  68  8:49  Marauder  
  68  8:50  Marine x2, SCV x2  
  62  9:06  Marine x2  
  62  9:08  Marauder  
  54  9:10  Marauder  
  54  9:12  Barracks Reactor  
  55  9:19  Barracks  
  55  9:22  SCV  
  58  9:24  Marauder  
  54  10:02  SCV x2  
  54  10:04  Missile Turret  
Show
View Real Time Build Order
Export as new Build Order

pupu Protoss - Winner!

Build Orders: 1 Gate Expand 

Get SALT Encoding   

  12  0:01  Probe (Chrono Boost)  
  13  0:11  Probe (Chrono Boost)  
  14  0:18  Pylon  
  14  0:22  Probe (Chrono Boost)  
  15  0:36  Probe (Chrono Boost)  
  15  0:38  Gateway  
  16  0:47  Probe (Chrono Boost)  
  17  0:57  Probe (Chrono Boost)  
  18  1:11  Nexus  
  18  1:15  Probe (Chrono Boost)  
  19  1:21  Assimilator  
  19  1:29  Cybernetics Core  
  19  1:31  Probe (Chrono Boost)  
  20  1:37  Assimilator  
  20  1:42  Probe (Chrono Boost)  
  21  1:52  Probe (Chrono Boost)  
  22  1:55  Pylon  
  22  2:02  Probe (Chrono Boost)  
  22  2:05  Warp Gate (Chrono Boost)  
  23  2:14  Stalker  
  26  2:15  Probe  
  26  2:22  Forge  
  26  2:24  Probe  
  26  2:27  Probe  
  28  2:39  Probe  
  28  2:40  Probe  
  30  2:49  Probe, Twilight Council  
  31  3:00  Robotics Facility  
  31  3:03  Pylon  
  31  3:07  Probe  
  31  3:08  Probe, Pylon  
  33  3:20  Gateway  
  33  3:23  Charge (Chrono Boost)  
  33  3:33  Probe  
  33  3:34  Probe  
  35  3:43  Probe  
  35  3:46  Probe  
  35  3:47  Pylon  
  37  3:51  Pylon, Warp Prism  
  37  3:54  Probe  
  39  3:58  Probe  
  39  4:00  Gateway  
  39  4:02  Gateway  
  41  4:05  Probe  
  42  4:14  Probe  
  42  4:16  Probe  
  42  4:18  Protoss Ground Weapons Level 1 (Chrono Boost)  
  42  4:26  Probe  
  42  4:27  Pylon  
  42  4:28  Probe  
  44  4:35  Pylon  
  44  4:38  Probe  
  44  4:40  Probe, Gateway  
  44  4:42  Gateway  
  46  4:45  Assimilator  
  46  4:48  Assimilator  
  46  4:49  Pylon  
  46  4:55  Pylon  
  46  4:57  Pylon  
  46  5:00  Pylon  
  46  5:03  Pylon  
  46  5:06  Photon Cannon  
  46  5:09  Immortal  
  46  5:11  Photon Cannon  
  50  5:16  Probe x2  
  50  5:18  Blink  
  52  5:28  Probe x2  
  54  5:31  Pylon  
  54  5:39  Zealot x3  
  54  5:40  Zealot  
  62  5:59  Protoss Ground Armor Level 1 (Chrono Boost)  
  62  6:08  Zealot x5  
  62  6:09  Zealot  
  72  6:23  Observer  
  71  6:30  Zealot x5  
  71  6:31  Zealot  
  61  6:57  Stalker x3  
  61  6:58  Stalker x3  
  55  7:24  Probe x2  
  57  7:36  Mothership Core  
  59  7:38  Zealot  
  59  7:39  Zealot x5  
  71  7:53  Nexus  
  71  7:57  Pylon  
  71  7:58  Probe x2, Pylon  
  73  8:00  Pylon  
  73  8:04  Protoss Shields Level 1 (Chrono Boost)  
  73  8:05  Pylon  
  73  8:07  Pylon  
  73  8:09  Pylon  
  73  8:10  Probe x2, Assimilator  
  73  8:11  Gateway  
  75  8:12  Gateway  
  75  8:15  Gateway  
  75  8:16  Pylon  
  75  8:17  Assimilator  
  75  8:19  Pylon  
  75  8:22  Zealot, Pylon  
  75  8:23  Zealot x5  
  87  8:32  Immortal  
  91  8:53  Zealot x5  
  91  8:54  Zealot  
  81  9:13  Zealot  
  81  9:14  Zealot x4  
  91  9:23  Stalker  
  93  9:34  Stalker  
  93  9:35  Stalker x2  
  99  9:49  Zealot x3  
  101  10:13  Zealot x5  
Tags
 
Add a new tag
Caveats
  • Supply blocks, unpowered buildings, or Contaminate may cause inaccurate times.
  • Supply counts are checked every 10 seconds.